[Event "*** Titled Tuesday Blitz"]
[Site "Chess.com"]
[Date "2021.04.06"]
[Round "5"]
[White "Aleksey_Sorokin"]
[Black "stanyga"]
[Result "1-0"]
[WhiteElo "2796"]
[BlackElo "2649"]
[TimeControl "180+1"]
[EndTime "10:57:20 PDT"]
[Termination "Aleksey_Sorokin won by resignation"]

1. d4 Nf6 2. c4 e6 3. Nf3 b6 4. a3 Ba6 5. Qc2 Bb7 6. Nc3 c5 7. e4 cxd4 8. Nxd4 Nc6 9. Nxc6 Bxc6 10. Bf4 Bc5 11. Rd1 Ng4 12. Bg3 Qf6 13. h3 Qh6 14.
Qd2 Qxd2+ 15. Rxd2 Nf6 16. Bd3 Bd4 17. f3 Nh5 18.
Bd6 Bc5 19. Bh2 Be3 20. Rd1 Bf4 21. Bxf4 Nxf4 22. Kf2 d6 23. Ne2 Nxe2 24. Bxe2 Ke7 25. Ke3 Rac8 26. Rd4 Rhd8 27. Rhd1 Bb7 28. b4 g5 29. g3 f6 30. f4 Ba6 31. fxg5 fxg5 32. e5 dxe5 33. Rxd8 Rxd8 34. Rxd8 Kxd8 35. Ke4 Ke7 36. Kxe5 h6 37. h4 gxh4 38. gxh4 Bb7 39. Bg4 Bc8 40. c5 bxc5 41. bxc5 Bd7 42. Bh3 Bc8 43. c6 a5 44. Bg4 a4 45. Bd1 1-0

[Event "*** Titled Tuesday Blitz"]
[Site "Chess.com"]
[Date "2021.04.06"]
[Round "5"]
[White "gumimis"]
[Black "Joseacorrea"]
[Result "1-0"]
[WhiteElo "2327"]
[BlackElo "2091"]
[TimeControl "180+1"]
[EndTime "10:57:20 PDT"]
[Termination "gumimis won by resignation"]

1. e4 c5 2. Nf3 Nc6 3. c3 d5 4.
exd5 Qxd5 5. Bb5 a6 6. Bxc6+ Qxc6 7. O-O Bg4 8. Ne5 Bxd1 9. Nxc6 Bf3 10. Ne5 Bd5 11.
d3 f6 12. Ng4 e5 13. Ne3 Bc6 14. Re1 Rd8 15. Rd1 Ne7 16. Na3 b5 17. b3 Nd5 18.
Bb2 Be7 19. Nac2 Nf4 20. d4 cxd4 21. cxd4 exd4 22. Nxd4 Bb7 23. g3 Nh3+ 24. Kf1 Kf7 25. Nef5 Bc5 26. Rac1 Bxd4 27. Rxd4 Bf3 28. Rc7+ Ke6 29.
Nxg7+ Ke5 30. Rxd8+ Ke4 31. Rxh8 1-0

[Event "*** Titled Tuesday Blitz"]
[Site "Chess.com"]
[Date "2021.04.06"]
[Round "5"]
[White "korkmaz16"]
[Black "PchelkinVK"]
[Result "0-1"]
[WhiteElo "2427"]
[BlackElo "2591"]
[TimeControl "180+1"]
[EndTime "10:57:21 PDT"]
[Termination "PchelkinVK won by checkmate"]

1. e4 e6 2. d4 d5 3. e5 c5 4. c3 Nc6 5. Nf3 Bd7 6. a3 f6 7.
exf6 Qxf6 8. Bd3 Bd6 9. O-O Nge7 10. Bg5 Qf7 11. Bh4 h6 12. Re1 O-O 13. dxc5 Bxc5 14.
b4 Bb6 15. b5 Na5 16. Ne5 Bxf2+ 17. Kh1 Qe8 18. Bxe7 Qxe7 19. Rf1 Qd6 20. Qh5 Be3 21. Nd2 Be8 22. Ng6 Bxd2 23. Rxf8+ Qxf8 24. Qe2 Bxg6 25. Bxg6 Bxc3 26. Qxe6+ Kh8 27. Rc1 Qf6 28. Qg4 Rf8 29.
h3 Be5 30. Rd1 Qf1+ 31. Rxf1 Rxf1# 0-1

[Event "*** Titled Tuesday Blitz"]
[Site "Chess.com"]
[Date "2021.04.06"]
[Round "5"]
[White "Mikhail_Golubev"]
[Black "PowerThinking2650"]
[Result "1-0"]
[WhiteElo "2565"]
[BlackElo "2401"]
[TimeControl "180+1"]
[EndTime "10:57:22 PDT"]
[Termination "Mikhail_Golubev won by resignation"]

1. e4 e5 2. Nf3 Nc6 3. Bb5 a6 4. Ba4 Nf6 5. O-O Be7 6. d3 b5 7. Bb3 d6 8. a4 b4 9. Nbd2 Na5 10. Ba2 c5 11. h3 O-O 12. Nc4 Nc6 13. Bg5 Be6 14. Bxf6 Bxf6 15. Re1 Nd4 16. c3 Nxf3+ 17. Qxf3 a5 18. Qe2 Bg5 19. Rad1 Rb8 20. d4 b3 21. Bb1 Qc7 22. dxe5 dxe5 23. Bd3 Rfd8 24. Na3 Bd7 25. Bb5 Bxb5 26. axb5 g6 27. Qc4 Rxd1 28. Rxd1 Rd8 29. Qxb3 c4 30. Rxd8+ Qxd8 31. Nxc4 Qd3 32. b6 Qb1+ 33. Kh2 Bf4+ 34. g3 Bxg3+ 35. fxg3 Qc1 1-0

[Event "*** Titled Tuesday Blitz"]
[Site "Chess.com"]
[Date "2021.04.06"]
[Round "5"]
[White "DamianoLew95"]
[Black "ega2006"]
[Result "1-0"]
[WhiteElo "2557"]
[BlackElo "2394"]
[TimeControl "180+1"]
[EndTime "10:57:22 PDT"]
[Termination "DamianoLew95 won on time"]

1. e4 c5 2. Nf3 Nc6 3. Bb5 g6 4.
Bxc6 dxc6 5. O-O Bg7 6. d3 Nf6 7. Be3 Nd7 8. Nc3 b6 9. a3 Nf8 10. Qd2 h6 11. b4 e5 12. bxc5 f5 13. cxb6 axb6 14. exf5 gxf5 15. Rfe1 Ne6 16. d4 e4 17.
Ne5 c5 18. Qe2 O-O 19. Nc6 Qd6 20. Qc4 Qxc6 21. d5 Qd6 22. Nb5 Qe5 23. dxe6 Bxe6 24. Qf1 f4 25. Bd2 Qg5 26. Rad1 Bg4 27. Rb1 Rae8 28.
Nd6 Bf5 29. Nxe8 Rxe8 30. g3 Qg4 31. Bxf4 Bc3 32. Re3 Bd4 33. Reb3 e3 34. Bxe3 Be4 35. Bxd4 cxd4 36. f3 1-0

[Event "*** Titled Tuesday Blitz"]
[Site "Chess.com"]
[Date "2021.04.06"]
[Round "5"]
[White "gxbg2000"]
[Black "DonBroca"]
[Result "0-1"]
[WhiteElo "1999"]
[BlackElo "2209"]
[TimeControl "180+1"]
[EndTime "10:57:22 PDT"]
[Termination "DonBroca won by resignation"]

1. e4 c5 2. f4 d5 3. exd5 Qxd5 4. Nf3 Nf6 5. Nc3 Qd8 6. d3 g6 7. Be2 Bg7 8. O-O O-O 9. Kh1 Nc6 10. h3 Nh5 11. Qe1 Nd4 12. Nxd4 cxd4 13. Ne4 Nf6 14. Bf3 Qc7 15. Rf2 Nd5 16. Bd1 b6 17. a3 Bb7 18.
f5 Rac8 19. Bg5 h6 20. Bd2 g5 21. Rc1 Rfe8 22. Bf3 Nf6 23. Nxf6+ Bxf6 24. Be4 Be5 25. Qe2 f6 26. Qh5 Bxe4 27. Qg6+ Kh8 28. Qxh6+ Kg8 29. dxe4 e6 30. Qg6+ Qg7 31. Qh5 exf5 32. exf5 Re7 33. Bb4 Rec7 34. Re2 Qh7 35. Qxh7+ Kxh7 36. c3 a5 37. cxd4 Rxc1+ 38. Be1 Bxd4 39. Kh2 Be5+ 40. g3 R1c2 41. Rxc2 Rxc2+ 42. Kg1 Bxb2 43. a4 Rc1 44.
Kf1 Bc3 0-1

[Event "*** Titled Tuesday Blitz"]
[Site "Chess.com"]
[Date "2021.04.06"]
[Round "5"]
[White "steka121"]
[Black "XDPS"]
[Result "1-0"]
[WhiteElo "2363"]
[BlackElo "2743"]
[TimeControl "180+1"]
[EndTime "10:57:24 PDT"]
[Termination "steka121 won on time"]

1. e4 e5 2. d4 exd4 3. Nf3 c5 4.
c3 d5 5. exd5 Qxd5 6. cxd4 cxd4 7. Nc3 Qe6+ 8. Ne2 Bb4+ 9. Bd2 Bc5 10. Qc2 Bb6 11. O-O-O Nc6 12. Nexd4 Qxa2 13. Bb5 Ne7 14. Bb4 O-O 15. Bxc6 Nxc6 16. Nxc6 bxc6 17. Bxf8 Kxf8 18. Qxh7 Be6 19. Nd4 Bd5 20. Qh8+ Ke7 21. Rhe1+ Kd7 22. Qxa8 Bxd4 23. Qe8+ Kc7 24. Re7+ Kb6 25. Qb8+ Kc5 26. b4+ Kc4 27. Rxd4+ Kc3 28. Re3+ Kxd4 29. Qf4+ 1-0

[Event "*** Titled Tuesday Blitz"]
[Site "Chess.com"]
[Date "2021.04.06"]
[Round "5"]
[White "VitaRasik"]
[Black "The_filthy"]
[Result "1-0"]
[WhiteElo "2602"]
[BlackElo "2375"]
[TimeControl "180+1"]
[EndTime "10:57:24 PDT"]
[Termination "VitaRasik won by checkmate"]

1. e4 e6 2. d3 c5 3. Nf3 Nc6 4.
g3 d6 5. Bg2 g6 6. d4 cxd4 7.
Nxd4 e5 8. Nb5 a6 9. N5c3 Bg7 10. Nd5 Nge7 11. Nbc3 O-O 12. Be3 b5 13. a3 Be6 14.
O-O Rc8 15. a4 b4 16. Nxe7+ Nxe7 17. Ne2 d5 18. a5 d4 19. Bd2 Nc6 20. f4 Bc4 21.
Rf2 Re8 22. b3 Bb5 23. f5 Rc7 24. Nc1 d3 25. Nxd3 Bxd3 26. cxd3 Qxd3 27. Be1 Rd8 28. Qxd3 Rxd3 29. Rc2 Rdd7 30. fxg6 Nd4 31. gxf7+ Kxf7 32. Rf2+ Kg6 33. Bxb4 Nc2 34. Ra4 Rd1+ 35. Rf1 Rxf1+ 36. Bxf1 Nxb4 37. Rxb4 Rc1 38. Rb6+ Kh5 39. Kf2 Bh6 40. Be2+ Kg5 41. h4# 1-0

[Event "*** Titled Tuesday Blitz"]
[Site "Chess.com"]
[Date "2021.04.06"]
[Round "5"]
[White "MPGM"]
[Black "volkanyirik"]
[Result "0-1"]
[WhiteElo "2561"]
[BlackElo "2429"]
[TimeControl "180+1"]
[EndTime "10:57:24 PDT"]
[Termination "volkanyirik won on time"]

1. d4 Nf6 2. Nf3 g6 3. h4 h5 4. Nc3 Bg7 5. e4 c5 6. dxc5 Qa5 7. Bd3 Qxc5 8. Be3 Qb4 9. a3 Qa5 10. b4 Qc7 11. Nb5 Qd8 12. Bxa7 Nc6 13. Be3 Ng4 14.
Bf4 d6 15. O-O Bxa1 16. Qxa1 O-O 17. Bg5 Nxb4 18. Bc4 Nc6 19. Nfd4 Nce5 20. Bb3 Kh7 21. f3 Nf6 22. f4 Neg4 23. f5 Nxe4 24. Qe1 d5 25. c4 f6 26. cxd5 Nd6 27. fxg6+ Kg7 28. Bc1 Nxb5 29. Qd2 Rh8 30. Nxb5 Qb6+ 31. Nd4 Rxa3 0-1

[Event "*** Titled Tuesday Blitz"]
[Site "Chess.com"]
[Date "2021.04.06"]
[Round "5"]
[White "marianokar"]
[Black "chessbia"]
[Result "1-0"]
[WhiteElo "2525"]
[BlackElo "2323"]
[TimeControl "180+1"]
[EndTime "10:57:24 PDT"]
[Termination "marianokar won by resignation"]

1. e4 e5 2. Nf3 Nc6 3. Bc4 Bc5 4. c3 Nf6 5. d3 O-O 6. O-O h6 7. Nbd2 a6 8. Bb3 Ba7 9. Re1 d6 10. Nf1 Be6 11. Bc2 Ne7 12. Ng3 Qd7 13. d4 exd4 14.
cxd4 Ng6 15. h3 Rae8 16. Be3 Bxh3 17. gxh3 Qxh3 18. Qd3 Ng4 19. Qf1 Qxf1+ 20. Kxf1 Nxe3+ 21. fxe3 Ne7 22. e5 Nd5 23. Bb3 Nb4 24. exd6 cxd6 25. Nf5 d5 26. Ne5 Bb8 27. a3 Bxe5 28. axb4 Bf6 29. Bxd5 Rb8 30. Rac1 Rfd8 31. Bb3 Bg5 32. Rc7 Rf8 33. Nd6 b5 34. Kg2 Kh7 35. Nxf7 Rbc8 36. Nxg5+ hxg5 37. Rxc8 Rxc8 38. e4 Kg6 39. e5 Rd8 40. e6 Rxd4 41. e7 1-0

[Event "*** Titled Tuesday Blitz"]
[Site "Chess.com"]
[Date "2021.04.06"]
[Round "5"]
[White "oogee"]
[Black "Ze-Pequeno"]
[Result "0-1"]
[WhiteElo "2369"]
[BlackElo "2251"]
[TimeControl "180+1"]
[EndTime "10:57:24 PDT"]
[Termination "Ze-Pequeno won by checkmate"]

1. d4 Nf6 2. c4 g6 3. Nc3 Bg7 4.
e4 d6 5. Be2 O-O 6. Nf3 e5 7.
O-O Nc6 8. d5 Ne7 9. Ne1 Nd7 10.
Be3 f5 11. f3 f4 12. Bf2 g5 13. a4 a5 14. Nd3 b6 15. b4 axb4 16. Nxb4 h5 17.
Nd3 Rf7 18. a5 bxa5 19. c5 Bf8 20. cxd6 cxd6 21. Nb5 Ng6 22. Qa4 Nf6 23. Rfb1 g4 24.
Na7 Rfxa7 25. Bxa7 Rxa7 26. Qc6 Bd7 27. Qb6 Qxb6+ 28.
Rxb6 Be7 29. Nb4 Kf7 30. Bc4 Bd8 31. Rxd6 Ke7 32. Rc6 Rb7 33. Nd3 Bc7 34. Ra6 gxf3 35. gxf3 Nh4 36. Nc5 Rb2 37. Rxf6 Nxf3+ 38. Kf1 Bh3# 0-1

[Event "*** Titled Tuesday Blitz"]
[Site "Chess.com"]
[Date "2021.04.06"]
[Round "5"]
[White "PawnEatingZombie"]
[Black "pfalcon1949"]
[Result "1-0"]
[WhiteElo "2203"]
[BlackElo "1988"]
[TimeControl "180+1"]
[EndTime "10:57:24 PDT"]
[Termination "PawnEatingZombie won by checkmate"]

1. d4 Nf6 2. c4 e6 3. Nc3 Bb4 4.
e3 O-O 5. Bd2 b6 6. Nf3 Bb7 7. Bd3 d5 8. cxd5 exd5 9. O-O a6 10.
Ne5 Nbd7 11. f4 c5 12. Be1 cxd4 13. exd4 Bxc3 14. bxc3 Rc8 15. Bh4 Qc7 16. Rc1 Ne4 17. Rf3 f6 18. Nxd7 Qxd7 19. Be1 f5 20. Rf1 b5 21. a4 bxa4 22. c4 dxc4 23. Bxc4+ Kh8 24. d5 Rfd8 25. Ba5 Qd6 26. Bxd8 Qc5+ 27. Kh1 Nf2+ 28. Rxf2 Qxf2 29. Be7 h6 30. Qf1 Qe3 31. Re1 Qd4 32. Bxa6 Bxa6 33. Qxa6 Rc2 34. Qa8+ Kh7 35. d6 Re2 36. Rg1 Qe3 37. Qf3 Re1 38. Qxe3 Rxe3 39.
Rd1 a3 40. d7 a2 41. d8=Q Re2 42. Qd3 Rxe7 43. Qxf5+ Kg8 44. Rd8+ Re8 45. Rxe8# 1-0

[Event "*** Titled Tuesday Blitz"]
[Site "Chess.com"]
[Date "2021.04.06"]
[Round "5"]
[White "TosicSrecko"]
[Black "zajka-molotok"]
[Result "0-1"]
[WhiteElo "2320"]
[BlackElo "2525"]
[TimeControl "180+1"]
[EndTime "10:57:25 PDT"]
[Termination "zajka-molotok won by resignation"]

1. d4 d6 2. e4 Nf6 3. Nc3 e5 4. Nf3 Nbd7 5. Bc4 Be7 6. O-O O-O 7. Qe2 c6 8. Rd1 b5 9. dxe5 dxe5 10. Nxe5 bxc4 11. Nxc6 Qe8 12. e5 Bc5 13. exf6 Qxe2 14.
Nxe2 Nxf6 15. Be3 Bxe3 16. fxe3 Re8 17. Nc3 Rxe3 18. Rd4 Bb7 19. Na5 Ba6 20. Rd6 Re6 21.
Rad1 Rae8 22. Rxe6 Rxe6 23. Rd8+ Re8 24. Rxe8+ Nxe8 25. Kf2 Nd6 26. Nc6 Nc8 27. g3 f6 28. Ke3 Kf7 29.
Kd4 Ke6 30. Nb4 Bb7 31. Kxc4 Nd6+ 32. Kd4 Nf5+ 33. Kd3 h5 34. Nb5 a5 35. Na6 Bxa6 0-1

[Event "*** Titled Tuesday Blitz"]
[Site "Chess.com"]
[Date "2021.04.06"]
[Round "5"]
[White "Iskusnyh"]
[Black "MVM2008"]
[Result "1-0"]
[WhiteElo "2630"]
[BlackElo "2135"]
[TimeControl "180+1"]
[EndTime "10:57:25 PDT"]
[Termination "Iskusnyh won by resignation"]

1. d4 Nf6 2. c4 e6 3. g3 d5 4. Bg2 Bb4+ 5. Nd2 Nc6 6. Nf3 O-O 7. O-O Bxd2 8. Bxd2 dxc4 9. e3 Ne4 10. Rc1 Nxd2 11. Nxd2 Na5 12. Nxc4 Nxc4 13. Rxc4 c6 14. b4 Qe7 15. Rc5 Bd7 16. Qb1 b6 17. Rc3 Rac8 18. Rfc1 Qd6 19. Qe4 Rc7 20. Qf4 Qxf4 21. gxf4 Rfc8 22.
Bf1 Kf8 23. Ba6 Rb8 24. b5 Bc8 25. Rxc6 Rxc6 26. Rxc6 Bxa6 27. bxa6 Ra8 28. Rc7 g6 29. Kg2 Kg7 30. Kf3 Kf6 31. h4 h5 32. Ke4 Kg7 33. Ke5 Kf8 34. Kf6 Kg8 35. Rxf7 Rd8 36. Rxa7 Rf8+ 37. Kxg6 Kh8 38. Rb7 e5 39. dxe5 Rg8+ 40.
Kh6 Re8 41. a7 b5 42. Rb8 Rg8 1-0

[Event "*** Titled Tuesday Blitz"]
[Site "Chess.com"]
[Date "2021.04.06"]
[Round "5"]
[White "TheCount"]
[Black "woodhy"]
[Result "1-0"]
[WhiteElo "2592"]
[BlackElo "2428"]
[TimeControl "180+1"]
[EndTime "10:57:26 PDT"]
[Termination "TheCount won by resignation"]

1. d4 Nf6 2. c4 e6 3. Nf3 b6 4. g3 Bb7 5. Bg2 Be7 6. O-O O-O 7. Nc3 Ne4 8. Bd2 f5 9. Ne5 Bf6 10.
Qc2 Nxc3 11. Bxc3 Bxg2 12. Kxg2 d6 13. Nd3 Qe7 14. Nf4 Nd7 15. d5 Bxc3 16. Qxc3 Nc5 17.
Qe3 e5 18. b4 Rae8 19. bxc5 exf4 20. Qxf4 Qxe2 21. Rfe1 Qg4 22. c6 Qxf4 23. gxf4 Kf7 24. Kf3 Rxe1 25. Rxe1 Re8 26. Re3 Re7 27. a4 Re8 28. a5 bxa5 29. Ra3 Re4 30. Rxa5 Rxc4 31. Rxa7 Rc3+ 32. Ke2 Rc5 33. Rxc7+ Kf6 34. Rc8 Rxd5 35. c7 Rc5 36. Rf8+ Ke7 37. c8=Q 1-0

[Event "*** Titled Tuesday Blitz"]
[Site "Chess.com"]
[Date "2021.04.06"]
[Round "5"]
[White "KafkaesqueKnight"]
[Black "davigator"]
[Result "1/2-1/2"]
[WhiteElo "2243"]
[BlackElo "2371"]
[TimeControl "180+1"]
[EndTime "10:57:26 PDT"]
[Termination "Game drawn by repetition"]

1. d4 Nf6 2. c4 e6 3. Nf3 Bb4+ 4. Bd2 a5 5. g3 b6 6. Bg2 Ba6 7. Qc2 c6 8. O-O d5 9. Bxb4 axb4 10. cxd5 exd5 11.
Ne5 O-O 12. Rc1 Bb5 13. a4 bxa3 14. Nxa3 Ba6 15. e3 Bb7 16. b4 Nfd7 17. Nd3 b5 18.
Qc3 Nb6 19. Nc2 Rxa1 20. Nxa1 Na4 21. Qc2 Nd7 22. Nb3 Nb8 23. Na5 Ba8 24. Ne5 Qd6 25.
Nexc6 Nxc6 26. Nxc6 Bxc6 27. Qxc6 Qxb4 28. Bxd5 Nb2 29.
Qd7 Nd3 30. Rc8 Qe1+ 31. Kg2 Qxf2+ 32. Kh3 Qf1+ 33. Bg2 Qf6 34. Rxf8+ Kxf8 35. Qc8+ Ke7 36. Qb7+ Kf8 37. Qb8+ Ke7 38. Qc7+ Kf8 39. Qc8+ Ke7 40. Qc7+ Kf8 41. Qb8+ Ke7 42. Qc7+ 1/2-1/2

[Event "*** Titled Tuesday Blitz"]
[Site "Chess.com"]
[Date "2021.04.06"]
[Round "5"]
[White "ShapkinAnatoliy"]
[Black "shnitez"]
[Result "0-1"]
[WhiteElo "2665"]
[BlackElo "2503"]
[TimeControl "180+1"]
[EndTime "10:57:27 PDT"]
[Termination "shnitez won on time"]

1. d4 Nf6 2. c4 e6 3. g3 c5 4. d5 exd5 5. cxd5 b5 6. Nf3 d6 7.
e4 a6 8. a4 Nxe4 9. axb5 Be7 10.
Bd3 Nf6 11. O-O O-O 12. Nc3 Bb7 13. bxa6 Nxa6 14. Re1 Nb4 15. Rxa8 Bxa8 16. Bc4 Nd7 17. Bf4 Nb6 18. b3 Bf6 19. Ne4 Be7 20. Nc3 Bf6 21. Nb5 Be7 22. Qe2 N4xd5 23. Bd2 Bf6 24. Qd3 Nb4 25. Bxb4 cxb4 26. Qe2 Nxc4 27. bxc4 Bc6 28.
Nfd4 Re8 29. Qd2 Rxe1+ 30. Qxe1 Bxb5 31. Nxb5 b3 32. Qb4 b2 33. Kg2 g6 34. Nxd6 b1=Q 0-1

[Event "*** Titled Tuesday Blitz"]
[Site "Chess.com"]
[Date "2021.04.06"]
[Round "5"]
[White "CrushingKings"]
[Black "olksuna"]
[Result "0-1"]
[WhiteElo "2465"]
[BlackElo "2671"]
[TimeControl "180+1"]
[EndTime "10:57:27 PDT"]
[Termination "olksuna won by checkmate"]

1. e4 c5 2. Nf3 e6 3. d4 cxd4 4. Nxd4 a6 5. Nc3 b5 6. Bd3 d6 7. O-O Nf6 8. f4 Be7 9. Be3 Bb7 10. a3 Nbd7 11. Qe2 h5 12. Kh1 h4 13. Rae1 Nc5 14. Bg1 Nh5 15. Be3 Bf6 16. Kg1 Rc8 17. Qg4 Rc7 18. e5 dxe5 19. Ndxb5 axb5 20. Nxb5 Rc8 21. fxe5 Bxe5 22. Bg5 Qb6 23. Be3 h3 24. b4 hxg2 25. Rf2 Bxh2+ 26. Kxh2 Nf6+ 27. Qh3 Ng4+ 28. Kg3 Rxh3+ 29. Kxg4 Rxe3 30. Rxe3 g1=Q+ 31. Rg3 Qxf2 32. bxc5 Qbxc5 33. Nc7+ Qxc7 34. Bb5+ Ke7 35. Rc3 Qcf4+ 36. Kh3 Rh8# 0-1

[Event "*** Titled Tuesday Blitz"]
[Site "Chess.com"]
[Date "2021.04.06"]
[Round "5"]
[White "chessmadara"]
[Black "MalyDominator"]
[Result "0-1"]
[WhiteElo "2199"]
[BlackElo "2490"]
[TimeControl "180+1"]
[EndTime "10:57:27 PDT"]
[Termination "MalyDominator won by resignation"]

1. e4 c5 2. Nf3 d6 3. d4 cxd4 4. Nxd4 Nf6 5. Nc3 Nc6 6. Bg5 e6 7. Qd2 a6 8. O-O-O Bd7 9. f3 Be7 10. h4 h6 11. Be3 h5 12. Kb1 Qc7 13. Bg5 Nxd4 14. Qxd4 b5 15. f4 Qc5 16. Qd2 b4 17. Bxf6 Bxf6 18. Ne2 Bc6 19. Qd3 a5 20. Nc1 a4 21. e5 dxe5 22. f5 e4 23. Qg3 exf5 24. Qc7 O-O 25. Be2 Rac8 26. Qf4 a3 27. Rd6 axb2 28.
Rhd1 bxc1=Q+ 0-1

[Event "*** Titled Tuesday Blitz"]
[Site "Chess.com"]
[Date "2021.04.06"]
[Round "5"]
[White "moro182"]
[Black "PSvidler"]
[Result "0-1"]
[WhiteElo "2744"]
[BlackElo "2973"]
[TimeControl "180+1"]
[EndTime "10:57:28 PDT"]
[Termination "PSvidler won by resignation"]

1. d4 Nf6 2. c4 g6 3. Nc3 d5 4. cxd5 Nxd5 5. e4 Nxc3 6. bxc3 Bg7 7. Be3 c5 8. Qd2 Qa5 9. Nf3 O-O 10. Rc1 Bg4 11.
Be2 Nd7 12. d5 b5 13. h4 Rac8 14. Kf1 b4 15. c4 e6 16. h5 exd5 17. hxg6 hxg6 18.
Bh6 Bc3 19. Qg5 Bxf3 20. gxf3 Rfe8 21. cxd5 c4 22. Qh4 b3 23. Bd2 b2 24. Rb1 Qa3 25.
d6 Nf8 26. e5 Bxe5 27. Bf4 Bg7 28. Bh6 Qc3 29. Bg5 Rxe2 30. Be7 Qxf3 31. d7 Rxf2+ 32.
Qxf2 Qxh1+ 33. Ke2 Qe4+ 34. Kf1 Nxd7 0-1

[Event "*** Titled Tuesday Blitz"]
[Site "Chess.com"]
[Date "2021.04.06"]
[Round "5"]
[White "QuintilianoR"]
[Black "Semetey"]
[Result "0-1"]
[WhiteElo "2691"]
[BlackElo "2539"]
[TimeControl "180+1"]
[EndTime "10:57:28 PDT"]
[Termination "Semetey won by resignation"]

1. e4 c5 2. Nf3 d6 3. d4 cxd4 4. Nxd4 Nf6 5. Nc3 a6 6. Be2 e5 7.
Nb3 Be7 8. O-O Be6 9. Re1 O-O 10. Bf3 Nbd7 11. a4 Rc8 12. a5 Qc7 13. Be3 h6 14. h3 Rfd8 15. Re2 Nc5 16. Rd2 Qc6 17. Nd5 Bxd5 18. exd5 Qc7 19. Nxc5 dxc5 20. c4 Bd6 21. Qc2 Re8 22. Be4 Nxe4 23. Qxe4 Qd7 24. g4 Rf8 25.
Kh1 f5 26. gxf5 Rxf5 27. Qg4 Kh7 28. Rg1 Qf7 29. Rg2 Re8 30. Rd1 e4 31. Rdg1 g5 32. h4 h5 33. Qe2 g4 34. Qd2 Rf3 35. Rg3 Bxg3 36. fxg3 Rf1 37. Kg2 Qf3+ 38. Kh2 Rxg1 39. Bxg1 e3 40. Qd3+ Qe4 41. Qb3 e2 42. Qxb7+ Re7 43.
Qc8 e1=Q 0-1

[Event "*** Titled Tuesday Blitz"]
[Site "Chess.com"]
[Date "2021.04.06"]
[Round "5"]
[White "Loy_Konstantin"]
[Black "mac0504"]
[Result "0-1"]
[WhiteElo "2348"]
[BlackElo "2526"]
[TimeControl "180+1"]
[EndTime "10:57:28 PDT"]
[Termination "mac0504 won on time"]

1. e4 c5 2. Nf3 e6 3. d3 d5 4.
Nbd2 Nf6 5. g3 Nc6 6. Bg2 Be7 7.
O-O O-O 8. Re1 Qc7 9. Qe2 b5 10. e5 Nd7 11. Nf1 b4 12. h4 a5 13. Bf4 Ba6 14. Ne3 Qa7 15. h5 f6 16.
exf6 Bxf6 17. Rab1 Rae8 18. Bd6 Rf7 19. Nxd5 Nd4 20.
Nxf6+ Rxf6 21. Nxd4 cxd4 22. Be5 Rf5 23. f4 Nxe5 24.
fxe5 Qe7 25. Rf1 Qg5 26. Rxf5 exf5 27. Kh2 f4 28. Qf3 fxg3+ 29. Qxg3 Rxe5 30. Qxg5 Rxg5 31. Bf3 Rc5 32. Rc1 Bxd3 33. Bd1 Kf7 34. Kg3 Kf6 35. Kf4 g5+ 36. Kf3 Bf5 37. Kf2 d3 38. c3 d2 39. Ra1 bxc3 40. bxc3 Rxc3 41. Ke2 Rc1 0-1

[Event "*** Titled Tuesday Blitz"]
[Site "Chess.com"]
[Date "2021.04.06"]
[Round "5"]
[White "Trickster_Pony"]
[Black "Smile2005"]
[Result "0-1"]
[WhiteElo "1551"]
[BlackElo "2382"]
[TimeControl "180+1"]
[EndTime "10:57:28 PDT"]
[Termination "Smile2005 won on time"]

1. c4 g6 2. g3 Bg7 3. Bg2 Nf6 4.
Nf3 O-O 5. O-O d6 6. d4 Nc6 7. Nc3 e5 8. d5 Nb8 9. e4 a5 10. Ne1 Na6 11. h3 Nd7 12. Be3 b6 13.
Nd3 Ndc5 14. Nxc5 Nxc5 15. a3 Bd7 16. b4 axb4 17. axb4 Rxa1 18. Qxa1 Nb3 19. Qb2 Nd4 20.
Ne2 Qf6 21. f4 Ra8 22. fxe5 Nxe2+ 23. Qxe2 Qxe5 24. Qf2 Be8 25. Rd1 Ra3 26. Bd4 Qxg3 27. Bxg7 Qxf2+ 28. Kxf2 Kxg7 29. Rc1 Rb3 30. b5 Kf6 31.
Ra1 Rc3 32. Bf1 Ke5 33. Ra7 h5 34. Rxc7 Bxb5 35. Re7+ Kf6 36. Rb7 Bxc4 37. Rxb6 Ke5 38. Rc6 Rc2+ 39. Ke3 Bb3 40. Bd3 Rxc6 41. dxc6 Be6 42.
Ba6 Bxh3 43. c7 Bd7 44. c8=Q Bxc8 45. Bxc8 d5 46. exd5 Kxd5 47. Bd7 Ke5 48. Kf3 g5 49. Kg3 f5 50. Be8 h4+ 51. Kh3 Ke4 52. Bc6+ Ke3 53. Bd7 f4 0-1

[Event "*** Titled Tuesday Blitz"]
[Site "Chess.com"]
[Date "2021.04.06"]
[Round "5"]
[White "vlad_Sid"]
[Black "TigrVShlyape"]
[Result "0-1"]
[WhiteElo "2594"]
[BlackElo "2809"]
[TimeControl "180+1"]
[EndTime "10:57:29 PDT"]
[Termination "TigrVShlyape won by checkmate"]

1. c4 e5 2. g3 Nc6 3. Bg2 Bc5 4. Nc3 a6 5. e3 Nge7 6. Nge2 Ba7 7.
a3 d6 8. Nd5 O-O 9. Nec3 Rb8 10. d3 b5 11. b4 Nxd5 12. cxd5 Ne7 13. O-O Bd7 14. Bb2 f5 15. Rc1 h6 16. Ne2 Ng6 17. d4 e4 18. f3 exf3 19. Bxf3 Qe7 20.
Qd3 Bb6 21. Rce1 Rf6 22. Rf2 Nf8 23. Ref1 Nh7 24. h4 Re8 25. Bc1 g5 26. Bh5 Ref8 27. hxg5 hxg5 28. Kg2 Rh6 29. Rh1 Kg7 30. Nc3 Nf6 31. Bf3 Rxh1 32. Kxh1 Re8 33. Kg2 Qf7 34. Bd1 Qg6 35. Qf1 Rh8 36. Bc2 Qh5 37. Bxf5 Bxf5 38. Rxf5 Qh3+ 39. Kf3 Qxf1# 0-1

[Event "*** Titled Tuesday Blitz"]
[Site "Chess.com"]
[Date "2021.04.06"]
[Round "5"]
[White "Fy_Rakotomaharo"]
[Black "Sam_ChessMood"]
[Result "0-1"]
[WhiteElo "2690"]
[BlackElo "2882"]
[TimeControl "180+1"]
[EndTime "10:57:30 PDT"]
[Termination "Sam_ChessMood won by resignation"]

1. e4 e5 2. Nf3 Nf6 3. Nxe5 d6 4. Nf3 Nxe4 5. Nc3 Nxc3 6. dxc3 Be7 7. Be3 O-O 8. Qd2 Nd7 9. O-O-O Nf6 10. Bd3 c5 11. Kb1 d5 12. Rhe1 Be6 13. Ng5 Bd7 14. Bf4 h6 15. Nf3 c4 16. Bf1 Re8 17. Nd4 Ne4 18. Qe3 Bf6 19. f3 Nc5 20. Qd2 Qb6 21. Rxe8+ Rxe8 22. Ka1 Qa5 23. Ne2 Bf5 24. Nd4 Bg6 25. Bd6 Rd8 26. Bxc5 Qxc5 27. f4 Be4 28. Be2 b5 29. Bf3 a5 30. Bxe4 dxe4 31. Qe3 b4 32. Qxe4 bxc3 33. bxc3 Qa3 34. Qe3 Bxd4 35. Rxd4 Rxd4 0-1

[Event "*** Titled Tuesday Blitz"]
[Site "Chess.com"]
[Date "2021.04.06"]
[Round "5"]
[White "federicosellitti"]
[Black "BlueWizzard"]
[Result "1-0"]
[WhiteElo "2589"]
[BlackElo "2754"]
[TimeControl "180+1"]
[EndTime "10:57:30 PDT"]
[Termination "federicosellitti won on time"]

1. e4 c6 2. d4 g6 3. c3 Bg7 4. Nf3 d6 5. Bd3 Nf6 6. O-O O-O 7. h3 Qc7 8. Bf4 Nh5 9. Be3 e5 10. Nbd2 Nd7 11. Re1 Re8 12. Nf1 Nf8 13. Ng3 Nxg3 14. fxg3 exd4 15. cxd4 c5 16. Rc1 b6 17. b3 Bb7 18. d5 Nd7 19. Qd2 Re7 20. Rf1 Rae8 21. Bh6 Bh8 22. g4 a6 23. Rce1 b5 24. Bg5 Nf6 25.
Qf4 c4 26. bxc4 bxc4 27. Bxc4 Rxe4 28. Bxf6 Qxc4 29. Bxh8 Kxh8 30. Qf6+ Kg8 31. Ng5 1-0

[Event "*** Titled Tuesday Blitz"]
[Site "Chess.com"]
[Date "2021.04.06"]
[Round "5"]
[White "yobdc"]
[Black "NikolaGry"]
[Result "0-1"]
[WhiteElo "2520"]
[BlackElo "2710"]
[TimeControl "180+1"]
[EndTime "10:57:30 PDT"]
[Termination "NikolaGry won on time"]

1. d4 d5 2. Nf3 Nc6 3. Bf4 Bg4 4. e3 e6 5. Bb5 Bd6 6. Bg3 Ne7 7.
Nbd2 O-O 8. c3 a6 9. Bd3 f5 10. Qc2 b5 11. h3 Bh5 12. Bxd6 cxd6 13. g4 Bg6 14. Nh4 Rc8 15. Nxg6 hxg6 16. a3 e5 17. Qb3 Na5 18. Qa2 Nc4 19. Bxc4 bxc4 20. O-O-O e4 21.
Kb1 f4 22. Ka1 g5 23. Qb1 Ng6 24. Rdf1 Nh4 25. Qd1 Qd7 26. Qc2 Rf6 27. Re1 Rcf8 28. Re2 Ng2 29. Rg1 f3 30. Ree1 Nxe1 31. Rxe1 Rh6 32.
Rh1 Kf7 33. Qd1 Rfh8 34. Qf1 Qxg4 35. Nxc4 Qg2 36. Nxd6+ Rxd6 0-1